 Dungeon Crawl Stone Soup version 0.28.0-45-g0d030f2227 (webtiles) character file.

Game seed: 14065933594143574339

738 Kziril the Skirmisher (level 7, -7/47 HPs)
             Began as a Gargoyle Fighter on Apr 20, 2022.
             Splashed by a jelly's acid (8 damage)
             ... on level 5 of the Dungeon.
             The game lasted 00:11:10 (4357 turns).

Kziril the Skirmisher (Gargoyle Fighter)            Turns: 4357, Time: 00:11:11

Health: -7/47      AC: 15    Str: 20    XL:     7   Next: 75%
Magic:  7/7        EV:  7    Int:  8    God:
Gold:   120        SH:  6    Dex: 17    Spells: 6/6 levels left

rFire   . . .      SeeInvis .   a - +0 flail (flame)
rCold   + . .      Faith    +   c - +0 buckler
rNeg    + . .      Spirit   .   b - +1 chain mail {rC+}
rPois   ∞          Reflect  .   (no helmet)
rElec   +          Harm     .   (no cloak)
rCorr   .          Rampage  .   (no gloves)
Will    .....                   (no boots)
Stlth   ..........              r - amulet of faith
HPRegen 0.15/turn               k - +6 ring of dexterity
MPRegen 0.10/turn               (no ring)

@: no status effects
A: sickness immunity, AC +4, negative energy resistance 1, electricity
resistance, torment resistance 1, petrification resistance
a: no special abilities


You were on level 5 of the Dungeon.
You visited 1 branch of the dungeon, and saw 6 of its levels.

You collected 120 gold pieces.

Inventory:

Hand Weapons
 a - a +0 flail of flaming (weapon)
Armour
 b - a +1 chain mail of cold resistance (worn)
 c - a +0 buckler (worn)
Jewellery
 k - a +6 ring of dexterity (left hand)
 o - a ring of ice
 r - an amulet of faith (around neck)
Scrolls
 f - 2 scrolls of teleportation
 j - 2 scrolls of fear
Potions
 d - 3 potions of might
 e - a potion of lignification {unknown}
 h - a potion of curing
 l - 2 potions of attraction {unknown}
 m - 3 potions of flight {unknown}
 n - a potion of magic {unknown}
 p - a potion of cancellation {unknown}
 q - a potion of berserk rage {unknown}
 s - a potion of invisibility {unknown}
 u - a potion of resistance {unknown}
 v - a potion of mutation {unknown}


   Skills:
 * Level 6.6 Fighting
 + Level 4.1 Maces & Flails
 + Level 5.2 Armour
 + Level 5.2 Shields


You had 6 spell levels left.
You didn't know any spells.
Your spell library contained the following spells:

 Spells                   Type           Power      Damage    Failure   Level
 Summon Small Mammal      Summ           0%         N/A       99%         1
 Call Canine Familiar     Summ           0%         N/A       100%        3
 Summon Guardian Golem    Hex/Summ       0%         N/A       100%        3
 Summon Cactus Giant      Summ           0%         N/A       100%        6
 Malign Gateway           Summ/Tloc      0%         N/A       100%        7
 Spellforged Servitor     Conj/Summ      0%         N/A       100%        7


Dungeon Overview and Level Annotations

Branches:
Dungeon (6/15)
 Temple: D:4-7

Altars:
Ashenzari
Kikubaaqudgha

Shops:
D:1 (   D:3 *


Innate Abilities, Weirdness & Mutations

You are immune to sickness and miasma.
Your stone body is resilient. (AC +4)
You are immune to poison.
You resist negative energy. (rN+)
You are resistant to electric shocks. (rElec)
You are resistant to unholy torment.
You are immune to petrification.


Message History

The wight hits you with a +1 short sword.
You barely miss the wight.
The wight is heavily damaged.
The jelly closely misses you. You block the wight's attack.
You sock the wight! You burn the wight.
You destroy the wight!
The jelly hits you but does no damage.
You closely miss the wight. The jelly barely misses you.
The wight hits you with a +1 short sword!
* * * LOW HITPOINT WARNING * * *
You block the jelly's attack.
The wight hits you with a +1 short sword.
* * * LOW HITPOINT WARNING * * *
Sorry, you're not good enough to have a special ability.
Unknown command.
You sock the wight! You burn the wight.
The wight is almost destroyed.
The jelly hits you but does no damage. The wight closely misses you.
You hit the wight but do no damage.
The wight is almost destroyed.
The jelly barely misses you. The wight hits you but does no damage.
You sock the wight! You burn the wight.
You destroy the wight!
The jelly jiggles.
The jelly hits you but does no damage.
Unknown command.
You sock the jelly! You burn the jelly.
Your hands burn!
* * * LOW HITPOINT WARNING * * *
The jelly is severely wounded.
The jelly hits you but does no damage. The jelly barely misses you.
You hit the jelly. You burn the jelly.
Your hands burn!
* * * LOW HITPOINT WARNING * * *
The jelly is almost dead.
You block the jelly's attack.
You completely miss the jelly.
The jelly is almost dead.
The jelly hits you.
* * * LOW HITPOINT WARNING * * *
You are splashed with acid!
You die...

#. #.# #.# #.# #.#
#########
.####.######..zJ@).#
.............#.###.#
.##.....####...# #
##...## ##### ##.## ##
#.# ### #... ## #.#
######.. .##### ##'##
##..... ....##
##...#####..##+##..###


You could see a jelly and a wight.

Vanquished Creatures
  A centaur (D:5)
  An ogre (D:5)
  A scorpion (D:5)
  2 wights (D:5)
  A centaur skeleton (D:4)
  2 iguanas
  8 gnolls
  18 adders
  A shadow imp (D:5)
  2 adder skeletons (D:4)
  A worm (D:2)
  A dart slug (D:1)
  10 orcs
  4 bats
  5 bat zombies (D:3)
  8 endoplasms
  4 giant cockroaches
  6 goblins
  5 hobgoblins
  3 jackals (D:3)
  5 kobolds
  4 quokkas
  10 ball pythons
  A frilled lizard (D:2)
  5 rats
109 creatures vanquished.

Notes
Turn   | Place    | Note
-------+----------+-------------------------------------------
     0 | D:1      | Kziril the Gargoyle Fighter began the quest for the Orb.
     0 | D:1      | Reached XP level 1. HP: 14/14 MP: 1/1
    82 | D:1      | Found Nakeng's Weapon Shoppe.
   519 | D:1      | Reached XP level 2. HP: 19/19 MP: 2/2
  1011 | D:2      | Reached XP level 3. HP: 19/24 MP: 3/3
  1144 | D:1      | Reached skill level 4 in Fighting
  1360 | D:2      | Reached XP level 4. HP: 17/29 MP: 4/4
  1548 | D:2      | Found a faded altar of an unknown god.
  1792 | D:2      | Reached XP level 5. HP: 34/34 MP: 5/5
  2147 | D:3      | Got the Volume of Exhibitionism
  2460 | D:3      | Reached skill level 5 in Fighting
  2466 | D:3      | Reached XP level 6. HP: 31/40 MP: 6/6
  2621 | D:3      | Found Cucur's Assorted Antiques.
  3221 | D:5      | Entered Level 5 of the Dungeon
  3621 | D:3      | Found an ancient bone altar of Kikubaaqudgha.
  3933 | D:5      | Reached skill level 6 in Fighting
  3933 | D:5      | Reached XP level 7. HP: 29/46 MP: 7/7
  4127 | D:5      | Reached skill level 5 in Armour
  4187 | D:5      | Reached skill level 5 in Shields
  4286 | D:5      | Found a broken altar of Ashenzari.
  4356 | D:5      | HP: 1/47 [acid (4)]
  4357 | D:5      | Splashed by a jelly's acid

Illustrated notes

Levels and vault maps discovered:
D:1:      dpeg_arrival_tiny_i, layout_basic, serial_shops,
          nicolae_shop_bloodbath_and_beyond
D:2:      layout_rooms, hellmonk_ecumenical_altar_arch_garden,
          dk_noncrumbling_4, kennysheep_decorative_pillar, minmay_snake_closets
D:3:      layout_loops_cross, kennysheep_vampire_church, serial_shops, shop,
          amcnicky_mini_corridor_feature, kennysheep_generic_room_11
D:4:      layout_rooms, gup_sewer_entry_spiral
D:5:      layout_loops_corners, nicolae_ashenzari_skybound, serial_shops,
          nicolae_diamond_shop, uniq_sigmund
D:6:      layout_loops_ring, minmay_temple_entry_hall, serial_undead,
          serial_undead_c, serial_undead_b, serial_undead_b, serial_undead_f,
          minmay_between

Skill      XL: |  1  2  3  4  5  6  7 |
---------------+----------------------+-----
Fighting       | 4 5 6 |  6.6
Shields        | 4 5 |  5.2
Armour         | 4 5 |  5.2
Maces & Flails | 3 4 |  4.1

Action                   |  1- 3 |  4- 6 |  7- 9 || total
-------------------------+-------+-------+-------++-------
Melee: Flail             |    61 |   233 |    23 ||   317
  Use: Scroll            |     1 |     4 |       ||     5
       Potion            |       |     1 |       ||     1
Armor: Scale mail        |    48 |   103 |       ||   151
       Chain mail        |       |    29 |    20 ||    49
       Skin              |       |     1 |       ||     1
Dodge: Dodged            |    42 |   127 |     8 ||   177
Block: Buckler           |    23 |    82 |     7 ||   112
